 Dungeon Crawl Stone Soup version 0.27-a0-1149-g4505690ab0 (webtiles) character file.

Game seed: 9657863277565991311

336 sizableburger the Poker (level 6, -5/51 HPs)
             Began as a Draconian Warper on May 14, 2021.
             Slain by a black bear (8 damage)
             ... on level 4 of the Dungeon.
             The game lasted 00:09:59 (5488 turns).

sizableburger the Poker (Draconian Warper)          Turns: 5488, Time: 00:10:00

Health: -5/51      AC:  7    Str: 13    XL:     6   Next: 28%
Magic:  3/10       EV: 12    Int: 15    God:
Gold:   149        SH:  0    Dex: 11    Spells: 6/11 levels left

rFire    . . .     SeeInvis .   a - +0 spear
rCold    . . .     Faith    .   (no shield)
rNeg     . . .     Spirit   .   (armour unavailable)
rPois    .         Reflect  .   (helmet restricted)
rElec    .         Harm     .   (no cloak)
rCorr    .         Rampage  .   (no gloves)
Will     .....                  k - +0 pair of boots
Stlth    +.........             (no amulet)
HPRegen  0.17/turn              (no ring)
MPRegen  0.12/turn              (no ring)

@: no status effects
A: AC +6, unfitting armour, cold-blooded
a: no special abilities


You were on level 4 of the Dungeon.
You visited 1 branch of the dungeon, and saw 4 of its levels.

You collected 149 gold pieces.

Inventory:

Hand Weapons
 a - a +0 spear (weapon)
 l - a +0 glaive
Missiles
 d - 2 boomerangs (quivered)
 i - 4 atropa-tipped darts
 m - 11 poisoned darts
Armour
 k - a +0 pair of boots (worn)
Scrolls
 c - a scroll of blinking
 e - a scroll of amnesia {unknown}
 f - a scroll of enchant armour {unknown}
 h - a scroll of fear {unknown}
Potions
 b - a potion of degeneration


   Skills:
 + Level 3.6 Fighting
 + Level 4.8 Polearms
 - Level 0.8 Throwing
 - Level 2.1 Dodging
 - Level 3.0 Spellcasting
 - Level 4.1 Translocations


You had 6 spell levels left.
You knew the following spells:

 Your Spells              Type           Power      Damage    Failure   Level
a - Blink                 Tloc           N/A        N/A       5%          2
b - Gell's Gravitas       Tloc           7%         N/A       11%         3

Your spell library contained the following spells:

 Spells                   Type           Power      Damage    Failure   Level
 Lesser Beckoning         Tloc           7%         N/A       11%         3
 Teleport Other           Tloc           14%        N/A       11%         3
 Manifold Assault         Tloc           14%        N/A       71%         5


Dungeon Overview and Level Annotations

Branches:
Dungeon (4/15)
 Temple: D:4-7

Altars:
Okawaru


Innate Abilities, Weirdness & Mutations

Your plain brown scales are hard. (AC +6)
You cannot fit into any form of body armour.
You are cold-blooded and may be slowed by cold attacks.


Message History

The black bear bites you.
* * * LOW HITPOINT WARNING * * *
The black bear claws you but does no damage. x2
You hit the black bear.
The black bear is almost dead.
The black bear goes berserk!
Throw: 2 boomerangs
Press: ? - help, Q - select action, (/) - cycle Shift-Dir - straight line, f - black bear
Aim: a black bear (almost dead, berserk, 64% to hit)
You throw a boomerang. The boomerang hits the black bear.
The black bear is almost dead.
The black bear misses you.
The black bear claws you but does no damage.
The black bear claws you.
* * * LOW HITPOINT WARNING * * *
Your surroundings suddenly seem different.
You hear an angry growl.
You start resting.
A black bear is nearby!
Throw: 2 boomerangs
Press: ? - help, Q - select action, (/) - cycle Shift-Dir - straight line, f/p - black bear
Aim: a black bear (almost dead, wandering, berserk, hasn't noticed you, 64% to hit)
You throw a boomerang.
The boomerang completely misses the black bear.
The black bear growls angrily.
The black bear rages.
Throw: 2 boomerangs
Press: ? - help, Q - select action, (/) - cycle Shift-Dir - straight line, f/p - black bear
Aim: a black bear (almost dead, berserk, 64% to hit)
You throw a boomerang. The boomerang hits the black bear.
The black bear is almost dead.
The black bear closely misses you. The black bear claws you.
* * * LOW HITPOINT WARNING * * *
The black bear claws you but does no damage.
The black bear closely misses you. x2
The black bear claws you but does no damage.
You hit the black bear but do no damage.
The black bear is almost dead.
The black bear bites you!
You die...

#......#...#.###..
+......'.........#
#......#.....#....
#......###.###.#..
#......###.# #.#..
####..)h...# #.#.(
#.####### #.##.
####..... ..##.
#@h...# ####.
#.....# #####.
+.....+ +.....
#.....# ######
#.....# # #.....#
# #.....# #
#######


You could see a black bear (berserk).

Vanquished Creatures
  A scorpion (D:4)
  A centaur skeleton (D:4)
  2 orc wizards (D:3)
  A hound skeleton (D:4)
  A gnoll (D:4)
  7 adders
  An ufetubus (D:4)
  3 worms
  A dart slug (D:1)
  8 orcs
  6 bats
  8 endoplasms
  4 giant cockroaches
  10 hobgoblins
  4 jackals
  6 quokkas
  6 ball pythons
  3 frilled lizards (D:1)
  7 goblins
  5 kobolds
  8 rats
93 creatures vanquished.

Notes
Turn   | Place    | Note
-------+----------+-------------------------------------------
     0 | D:1      | sizableburger the Draconian Warper began the quest for the
                  | Orb.
     0 | D:1      | Reached XP level 1. HP: 17/17 MP: 3/3
   144 | D:1      | Reached XP level 2. HP: 24/24 MP: 5/5
   733 | D:1      | Learned a level 2 spell: Blink
   931 | D:1      | Reached XP level 3. HP: 5/29 MP: 3/6
  2016 | D:2      | Found a faded altar of an unknown god.
  2415 | D:2      | Reached XP level 4. HP: 30/36 MP: 7/7
  3690 | D:3      | Reached XP level 5. HP: 32/42 MP: 8/8
  4854 | D:4      | Found an iron altar of Okawaru.
  4958 | D:4      | Reached XP level 6. HP: 18/51 MP: 8/10
  4970 | D:4      | Learned a level 3 spell: Gell's Gravitas
  5488 | D:4      | Slain by a black bear

Illustrated notes

Levels and vault maps discovered:
D:1:      psy_arrival_dodecagon, layout_loops_cross
D:2:      layout_basic, shapermc_ecumenical_altar_mp_vishouse
D:3:      layout_basic
D:4:      minmay_evil_eye, layout_basic, okawaru_trees_1, grunt_ministairs_6

Skill      XL: |  1  2  3  4  5  6 |
---------------+-------------------+-----
Polearms       | 3 4 |  4.8
Translocations | 4 |  4.1
Fighting       | 3 |  3.6
Spellcasting   | 3 |  3.0
Throwing       | |  0.8
Dodging        | |  2.1

Action                   |  1- 3 |  4- 6 || total
-------------------------+-------+-------++-------
Melee: Spear             |   188 |   315 ||   503
       Tailslap          |    17 |    28 ||    45
Throw: Boomerang         |     5 |     5 ||    10
 Cast: Blink             |     3 |     6 ||     9
       Gell's Gravitas   |       |     3 ||     3
  Use: Potion            |     2 |     1 ||     3
       Scroll            |     1 |     1 ||     2
 Stab: Sleeping          |     2 |       ||     2
Armor: Skin              |    48 |    96 ||   144
Dodge: Dodged            |   112 |   157 ||   269

Table legend: (Time is in decaauts)
 A = Elapsed time spent in this place.
 B = Non-inter-level travel time spent in this place.
 C = Inter-level travel time spent in this place.
 D = Time resting spent in this place.
 E = Time spent auto-exploring this place.
 F = Levels seen in this place.
 G = Mean time per level.
                   A        B        C        D        E       F      G
               +--------+--------+--------+--------+--------+-----+--------+
         Total |   5456 |   5350 |    106 |   2402 |   2024 |   4 | 1364.0 |
       Dungeon |   5456 |   5350 |    106 |   2402 |   2024 |   4 | 1364.0 |
               +--------+--------+--------+--------+--------+-----+--------+

Top non-repeatable levels by time:
     D:2: 1769 daAuts
     D:1: 1548 daAuts
     D:3: 1493 daAuts
     D:4: 644 daAuts
